 Dungeon Sprint DCSS version 0.28-a0-79-g444c7a33f5 (webtiles) character file.

Game seed: 13454412528523227229

168 Zeldest the Martial Artist (level 5, 13/37 HPs)
             Began as a Demonspawn Transmuter on Aug 2, 2021.
             Quit the game in the Dungeon (Sprint IX: "|||||||||||||||||||||||||||||").
             The game lasted 00:00:44 (45 turns).

Zeldest the Martial Artist (Demonspawn Transmuter)    Turns: 45, Time: 00:00:44

Health: 13/37      AC: -2    Str: 11    XL:     5   Next: 24%
Magic:  4/8        EV: 12    Int: 16    God:
Gold:   0          SH:  0    Dex: 14    Spells: 7/8 levels left

rFire   . . .      SeeInvis .     - Unarmed
rCold   . . .      Faith    .   (no shield)
rNeg    . . .      Spirit   .   a - +0 robe
rPois   .          Reflect  .   (helmet restricted)
rElec   .          Harm     .   (no cloak)
rCorr   .          Rampage  .   (no gloves)
Will    .....      NoTele   +   (no boots)
Stlth   +.........              (no amulet)
HPRegen 0.12/turn               (no ring)
MPRegen 0.11/turn               (no ring)

@: corroded, on berserk cooldown, hasted and slowed
A: horns 1, demonic guardian 1, big brain 1
a: no special abilities


You were in the Dungeon.
You visited 1 branch

Inventory:

Armour
 a - a +0 robe (worn)
Scrolls
 g - a scroll of blinking
Potions
 b - a potion of curing
 c - a potion of heal wounds
 e - 2 potions of magic


   Skills:
 - Level 1.0 Fighting
 - Level 1.7 Dodging
 + Level 10.2 Unarmed Combat
 - Level 2.0 Spellcasting
 - Level 1.7 Transmutations


You had 7 spell levels left.
You knew the following spells:

 Your Spells              Type           Power      Damage    Failure   Level
a - Beastly Appendage     Tmut           14%        N/A       10%         1

Your spell library contained the following spells:

 Spells                   Type           Power      Damage    Failure   Level
 Wereblood                Tmut           7%         N/A       16%         2
 Spider Form              Tmut/Pois      2%         N/A       41%         3
 Ice Form                 Ice/Tmut       4%         N/A       82%         4


Dungeon Overview and Level Annotations

Branches:
Dungeon (1/1)

Altars:


Innate Abilities, Weirdness & Mutations

You have a pair of small horns on your head.
A weak demonic guardian rushes to your aid.
You have an unusually large brain. (Int +2)


Message History

You have reached level 3!
Your experience leads to an increase in your attributes!
Increase (S)trength, (I)ntelligence, or (D)exterity?
You feel stronger.
The adder skeleton bites you but does no damage.
There is an open door here.
You see here an iguana corpse.
You hit the adder skeleton. You headbutt the adder skeleton!
You destroy the adder skeleton!
You barely miss the quokka. Your kick misses the quokka.
You closely miss the quokka. Your kick misses the quokka. The quokka bites you.
You punch the quokka!
You kill the quokka!
You closely miss the water moccasin. Your kick misses the water moccasin.
The water moccasin bites you.
You closely miss the water moccasin. You headbutt the water moccasin!
Your punch misses the water moccasin.
The water moccasin is heavily wounded.
You punch the water moccasin! You headbutt the water moccasin!
You kill the water moccasin!
Your Unarmed Combat skill gained 3 levels and is now at level 9!
You have reached level 4!
You feel agile.
Your demonic ancestry asserts itself...
Your mutations feel more permanent.
You have reached level 5!
Your demonic ancestry asserts itself...
You feel the presence of a demonic guardian.
You hit the jelly. The acid corrodes you!
Your hands burn!
You claw the jelly.
The jelly is severely wounded.
You punch the jelly!
You kill the jelly!
Your Unarmed Combat skill increases to level 10!
You are no longer berserk.
You are exhausted.
You feel yourself slow down.
Things that are here:
a water moccasin corpse; a quokka corpse Your horns shrink.
Your talons disappear.
Sorry, you're not good enough to have a special ability.
Are you sure you want to abandon this character and quit the game? (Confirm with "yes".) ▓▓▓▓▓▓▓▓▓▓▓▓▓▓▓▓▓▓ ▓<...))....††...@+ ▓▓▓▓▓▓▓▓▓▓▓▓▓▓▓▓▓▓

There were no monsters in sight!

Vanquished Creatures
  A water moccasin (D)
  A jelly (D)
  An iguana (D)
  An adder skeleton (D)
  2 goblins (D)
  A jackal (D)
  A quokka (D)
  A ball python (D)
  A rat (D)
10 creatures vanquished.

Notes
Turn   | Place    | Note
-------+----------+-------------------------------------------
     0 | D        | Zeldest the Demonspawn Transmuter began the quest for the
                  | Orb.
     0 | D        | Reached XP level 1. HP: 15/15 MP: 3/3
     6 | D        | Reached skill level 3 in Unarmed Combat
    16 | D        | Reached skill level 4 in Unarmed Combat
    26 | D        | Noticed an iguana
    26 | D        | Noticed a water moccasin
    26 | D        | Noticed a jelly
    29 | D        | Killed an iguana
    30 | D        | Reached skill level 6 in Unarmed Combat
    30 | D        | Gained mutation: You have an unusually large brain. (Int
                  | +2) [demonic ancestry]
    30 | D        | Reached XP level 2. HP: 19/21 MP: 3/5
    30 | D        | Reached XP level 3. HP: 24/26 MP: 3/6
    37 | D        | Killed a water moccasin
    38 | D        | Reached skill level 9 in Unarmed Combat
    38 | D        | Mutation became permanent: You have a pair of small horns
                  | on your head. [demonic ancestry]
    38 | D        | Gained mutation: You have a pair of horns on your head.
                  | [demonic ancestry]
    38 | D        | Reached XP level 4. HP: 20/32 MP: 3/7
    38 | D        | Gained mutation: A weak demonic guardian rushes to your
                  | aid. [demonic ancestry]
    38 | D        | Reached XP level 5. HP: 23/37 MP: 3/8
    40 | D        | Reached skill level 10 in Unarmed Combat
    45 | D        | Quit the game

Illustrated notes

Levels and vault maps discovered:
D:        linesprint [early_d, line_temple, items_1, d_10, items_2, lair_1,
          lair_end, items_3, orc_1, orc_end, items_4, d_15, swamp_1, shoals_1,
          snake_1, spider_1, d_20, vaults_1, items_5, swamp_end, shoals_end,
          snake_end, spider_end, vaults_end, d_27, items_6, zot_1, zot_end,
          crypt_end, forest_end, elf_end, slime_end, tomb_end, abyss_end,
          pan_hell_end]

Skill      XL: |  1  2  3  4  5 |
---------------+----------------+-----
Unarmed Combat | 6 9 10 | 10.2
Fighting       | |  1.0
Dodging        | |  1.7
Spellcasting   | |  2.0
Transmutations | |  1.7

Action                   |  1- 3 |  4- 6 || total
-------------------------+-------+-------++-------
Melee: Unarmed           |    22 |     2 ||    24
       Kick              |     3 |     1 ||     4
       Headbutt          |     4 |       ||     4
 Cast: Beastly Appendage |     2 |       ||     2
  Use: Potion            |     2 |       ||     2
Armor: Robe              |     4 |       ||     4
Dodge: Dodged            |     2 |       ||     2

Table legend: (Time is in decaauts)
 A = Elapsed time spent in this place.
 B = Non-inter-level travel time spent in this place.
 C = Inter-level travel time spent in this place.
 D = Time resting spent in this place.
 E = Time spent auto-exploring this place.
 F = Levels seen in this place.
 G = Mean time per level.
                   A        B        C        D        E       F      G
               +--------+--------+--------+--------+--------+-----+--------+
         Total |     37 |     37 |      0 |      0 |      0 |   1 |   37.0 |
       Dungeon |     37 |     37 |      0 |      0 |      0 |   1 |   37.0 |
               +--------+--------+--------+--------+--------+-----+--------+

Top non-repeatable levels by time:
       D: 37 daAuts
